 Dungeon Crawl Stone Soup version 0.19-a0-1490-g5dd3618 (webtiles) character file.

49 epen the Ducker (level 3, -1/19 HPs)
             Began as a Spriggan Monk on Sept 8, 2016.
             Slain by a worm (10 damage)
             ... on level 2 of the Dungeon.
             The game lasted 00:01:45 (2089 turns).

epen the Ducker (Spriggan Monk)                     Turns: 2089, Time: 00:01:46

Health: -1/19      AC:  2    Str:  7    XL:     3   Next: 51%
Magic:  4/4        EV: 20    Int: 11    God:
Gold:   75         SH:  0    Dex: 19    Spells: 0 memorised, 2 levels left

rFire  + . .     SeeInvis +     j - +0 dagger (venom)
rCold  + . .     Gourm    .     t - +0 robe {rC+ rF+}
rNeg   . . .     Faith    .     (shield restricted)
rPois  .         Spirit   .     (helmet restricted)
rElec  .         Dismiss  .     (no cloak)
rCorr  .         Reflect  .     (gloves unavailable)
MR     .....     Harm     .     (boots unavailable)
Stlth  ++........               (no amulet)
                                (no ring)
                                s - ring of loudness (curse)

@: very quick
A: unfitting armour, see invisible, herbivore 3, speed 3, slow metabolism 2
a: no special abilities


You were on level 2 of the Dungeon.
You were not hungry.

You visited 1 branch of the dungeon, and saw 2 of its levels.

You collected 75 gold pieces.

Inventory:

Hand Weapons
 a - a +0 short sword
 j - a +0 dagger of venom (weapon)
 o - a +1 dagger of draining
Armour
 b - a +0 robe
 t - a +0 robe of resistance (worn)
Jewellery
 s - a cursed ring of loudness (left hand)
Scrolls
 d - a scroll of teleportation {unknown}
 e - a scroll of recharging {unknown}
 g - a scroll of remove curse {unknown}
 i - 2 scrolls of identify {unknown}
 k - a scroll of blinking {unknown}
 m - a scroll of fear {unknown}
 p - a scroll of random uselessness {unknown}
 r - a scroll of amnesia {unknown}
 u - a scroll of enchant weapon {unknown}
Potions
 f - 2 potions of degeneration {unknown}
 h - a potion of agility {unknown}
 l - a potion of cancellation {unknown}
 n - a potion of flight {unknown}
 q - a potion of resistance {unknown}
Comestibles
 c - 3 bread rations
 v - a royal jelly


   Skills:
 + Level 2.7 Fighting
 * Level 3.9 Short Blades
 + Level 1.6 Throwing
 + Level 4.6 Dodging
 + Level 3.4 Stealth


You had 2 spell levels left.
You didn't know any spells.

Dungeon Overview and Level Annotations

Branches:
Dungeon (2/15)

Altars:


Innate Abilities, Weirdness & Mutations

You are tiny and cannot use many weapons and most armour.
You have supernaturally acute eyesight. (SInv)
You are a herbivore.
You cover ground extremely quickly.
You need consume almost no food.


Message History

You see here a giant newt corpse.
You see here a bat corpse.
u - a scroll labeled USCHAU REEBRAIZA
v - a royal jelly The worm is too close now for your liking.
A worm is nearby!
A bat comes into view.
The bat moves out of view.
You hit the worm.
The worm is poisoned.
The worm is lightly wounded.
The worm bites you!
Ouch! That really hurt!
You hit the worm.
The worm is lightly wounded.
The bat misses you.
You hit the worm.
The worm is moderately wounded.
The worm bites you!
Ouch! That really hurt!
You die...

w..# #.# #..# #.# #..# #.# #..#
#.###### #..# #......#####.# #..#
######.#.....# #..# ##....# #..#
##.....##
#..##########...@b..####
#...............w......#
#...........#.......##..
............##.....### #
##########...........#
#.............#.############
######.###.#####.###.............
.......# . ...# ##############
######## #####


You could see a worm and a bat.

Vanquished Creatures
  A gnoll (D:1)
  A dart slug (D:1)
  A giant gecko (D:1)
  2 goblins
  2 hobgoblins
  5 jackals (D:1)
  A quokka (D:2)
  A ball python (D:2)
  5 bats
  4 giant newts
  10 kobolds
  2 rats (D:1)
35 creatures vanquished.

Notes
Turn   | Place    | Note
-------+----------+-------------------------------------------
     0 | D:1      | epen the Spriggan Monk began the quest for the Orb.
     0 | D:1      | Reached XP level 1. HP: 11/11 MP: 2/2
   590 | D:1      | Reached XP level 2. HP: 13/16 MP: 3/3
   844 | D:1      | Reached skill level 1 in Throwing
   977 | D:1      | Reached XP level 3. HP: 13/19 MP: 4/4
  1402 | D:2      | Found a faded altar of an unknown god.
  2089 | D:2      | Slain by a worm

Vault maps used:
D:1:      dpeg_arrival_tiny_d
D:2:      ecumenical_altar_2

Skill      XL: |  1  2 |
---------------+-------+-----
Throwing       | 1 |  1.6
Fighting       | |  2.7
Short Blades   | |  3.9
Dodging        | |  4.6
Stealth        | |  3.4

Action                   || total
-------------------------++-------
Melee: Short sword       ||    31
       Dagger            ||    76
 Stab: Sleeping          ||     8
       Distracted        ||     1
Armor: Robe              ||     4
Dodge: Dodged            ||    76
